 Dungeon Crawl Stone Soup version 0.30.1-11-g7821555f0a (webtiles) character file.

Game seed: 5012062742513673337

203 GreatBamboolord the Magician (level 6, -2/43 HPs)
             Began as a Djinni Necromancer on Dec 1, 2023.
             Constricted to death by Grinder (5 damage)
             ... on level 3 of the Dungeon.
             The game lasted 00:07:19 (2619 turns).

GreatBamboolord the Magician (Djinni Necromancer)   Turns: 2619, Time: 00:07:19

Health: -2/43      AC:  2    Str: 10    XL:     6   Next: 8%
Gold:   108        EV: 10    Int: 21    God:
                   SH:  0    Dex: 16

rFire   + + +        a - +7 dagger "Rock" {freeze, rN+ Str+3 Int+3 Dex+2}
rCold   . . .        (no shield)
rNeg    + . .        j - +0 robe
rPois   ∞            (no helmet)
rElec   +            (no cloak)
rCorr   +            (no gloves)
SInv    .            (boots unavailable)
Will    .....        (no amulet)
Stlth   ++           g - ring of protection from fire
HPRegen 0.27/turn    (no ring)
MPRegen 0.00/turn

%: infuse magic (-3 HP)
@: brilliant, resistant, grasped by roots, flying, constricted
A: sickness immunity, fire resistance 2, cold vulnerability 1, float, innate
caster, HP casting, extra vitality 1
a: no special abilities


You were on level 3 of the Dungeon.
You visited 1 branch of the dungeon, and saw 3 of its levels.

You collected 108 gold pieces.

Inventory:

Hand Weapons
 a - the +7 dagger "Rock" (weapon) {freeze, rN+ Str+3 Int+3 Dex+2}
   (You took it off a goblin on level 2 of the Dungeon)

   Str:       It affects your strength (+3).
   Int:       It affects your intelligence (+3).
   Dex:       It affects your dexterity (+2).
   rN:        It protects you from negative energy.
 b - a +2 dagger of holy wrath
Missiles
 m - a boomerang of dispersal (quivered)
Armour
 j - a +0 robe (worn)
Jewellery
 f - a ring of ice
 g - a ring of protection from fire (left hand)
Scrolls
 c - a scroll of vulnerability
 d - a scroll of enchant weapon {unknown}
 e - a scroll of noise {unknown}
 k - a scroll of fear {unknown}
Potions
 h - a potion of ambrosia


   Skills:
 + Level 2.1 Fighting
 + Level 3.4 Dodging
 + Level 2.7 Stealth
 * Level 4.2 Spellcasting


You knew the following spells:

 Your Spells              Type           Power      Damage    Failure   Level
a - Necrotise             Necr           100%       1d9       1%          1
b - Vampiric Draining     Necr           33%        2d8       6%          3
c - Animate Dead          Necr           33%        N/A       21%         4
d - Agony                 Necr           33%        N/A       50%         5
e - Summon Small Mammal   Summ           100%       N/A       1%          1
f - Blink                 Tloc           66%        N/A       3%          2
Your spell library was empty.

Dungeon Overview and Level Annotations

Branches:
Dungeon (3/15)

Altars:

Shops:
D:3 *

Annotations:
D:3 Grinder


Innate Abilities, Weirdness & Mutations

You are immune to sickness and miasma.
You are immune to poison.
Your flesh is very heat resistant. (rF++)
You are vulnerable to cold. (rC-)
You float through the air rather than walking.
You learn spells naturally, not from books.
Your magical power is your life essence.
You have superior vitality. (+4 MHP)


Message History

Your rat bites Grinder but does no damage.
Grinder misses you.
Unknown command.
It was a potion of brilliance.
You feel clever all of a sudden.
Your rat bites Grinder but does no damage.
Your frilled lizard skeleton bites Grinder but does no damage.
Grinder gestures at you. Pain shoots through your body!
* * * LOW HITPOINT WARNING * * *
It was a potion of resistance.
You feel protected.
Your rat bites Grinder.
Grinder blinks!
It was a potion of curing.
You feel better.
Grinder blinks!
Grinder gestures at you.
Your frilled lizard skeleton suddenly stops moving!
Casting: Necrotise (safe; 1% risk of failure)
Confirm with . or Enter, or press ? or * to list all spells.
Okay, then.
You closely miss Grinder.
Grinder is lightly wounded.
Your rat bites Grinder.
Grinder zaps a wand.
The roots erupt in riotous growth!
The grasping roots grab you!
Grinder is unaffected.
Roots grab your frilled lizard skeleton.
The grasping roots constrict your frilled lizard skeleton!
Your frilled lizard skeleton is destroyed!
The grasping roots constrict you.
* * * LOW HITPOINT WARNING * * *
You hear a shout!
Casting: Necrotise (safe; 1% risk of failure)
Confirm with . or Enter, or press ? or * to list all spells.
You feel a surge of power!
* * * LOW HITPOINT WARNING * * *
Your rat closely misses Grinder.
Grinder hits you.
* * * LOW HITPOINT WARNING * * *
You writhe in agony.
* * * LOW HITPOINT WARNING * * *
The grasping roots constrict you.
You die...

#..................##5####.....#
#######............##..#########
#............###.....#
#......).....# #####5##
######.......# #..## #.......#
##.5### #..r....# ##...#
#..5....# #.... #####.r.@...#
#.... ####.....###'### #....
.........# #.# #.... ......)..#
#.# #.... .........# #.# #....
.........###.# #....
.............# #....
............## #....
..........#' #....


You could see Grinder (ally target), a friendly quokka (summoned) and a friendly
rat (summoned).

Vanquished Creatures
  Natasha (thrice) (D:2)
  Terence (D:2)
  4 adders
  A worm (D:2)
  A dart slug (D:1)
  3 ball pythons
  2 bats
  3 endoplasms
  3 giant cockroaches
  7 goblins
  5 hobgoblins
  2 jackals (D:3)
  10 kobolds
  4 quokkas
  5 frilled lizards
  5 rats
59 creatures vanquished.

Vanquished Creatures (collateral kills)
  A bat (D:2)
  A ball python (D:1)
2 creatures vanquished.

Grand Total: 61 creatures vanquished

Notes
Turn   | Place    | Note
-------+----------+-------------------------------------------
     0 | D:1      | GreatBamboolord the Djinni Necromancer began the quest for
                  | the Orb.
     0 | D:1      | GreatBamboolord set off with the following spells
                  | memorised: Necrotise, Vampiric Draining, Animate Dead,
                  | Agony.
     0 | D:1      | Reached XP level 1. HP: 15/15 MP: 0/0
    98 | D:1      | Reached XP level 2. HP: 11/22 MP: 0/0
   518 | D:1      | Reached XP level 3. HP: 24/26 MP: 0/0
   518 | D:1      | Learned a level 1 spell: Summon Small Mammal
   852 | D:1      | Reached skill level 1 in Fighting
  1239 | D:2      | Noticed Natasha
  1240 | D:2      | Identified the +7 dagger "Rock" {freeze, rN+ Str+3 Int+3
                  | Dex+2}
  1245 | D:2      | Killed Natasha
  1246 | D:2      | Reached XP level 4. HP: 18/32 MP: 0/0
  1279 | D:2      | Noticed Terence
  1364 | D:2      | Killed Terence
  1422 | D:2      | Reached XP level 5. HP: 34/37 MP: 0/0
  1422 | D:2      | Learned a level 2 spell: Blink
  1539 | D:2      | Noticed Natasha
  1547 | D:2      | Killed Natasha
  1548 | D:2      | Reached skill level 4 in Spellcasting
  1555 | D:2      | Noticed Natasha
  1571 | D:2      | Killed Natasha
  1857 | D:3      | Noticed Grinder
  1958 | D:3      | Reached XP level 6. HP: 36/43 MP: 0/0
  2052 | D:3      | Paralysed by Grinder for 4 turns
  2308 | D:3      | Found Xomihot's Assorted Antiques.
  2619 | D:3      | Constricted to death by Grinder

Illustrated notes

Levels and vault maps discovered:
D:1:      amcnicky_arrival_flooded_fountain, layout_loops_ring,
          minmay_misc_feat_rugged
D:2:      layout_rooms, uniq_natasha, uniq_terence
D:3:      layout_basic, serial_shops, nicolae_shop_hallway_stairs, uniq_grinder

Skill      XL: |  1  2  3  4  5 |
---------------+----------------+-----
Stealth        | 2 |  2.7
Fighting       | 1 2 |  2.1
Dodging        | 3 |  3.4
Spellcasting   | 4 |  4.2

Action                     |  1- 3 |  4- 6 || total
---------------------------+-------+-------++-------
  Melee: Unarmed           |     1 |       ||     1
         Dagger            |       |    13 ||    13
  Throw: Boomerang         |       |     1 ||     1
   Cast: Necrotise         |    75 |    48 ||   123
         Vampiric Draining |     2 |    14 ||    16
         Summon Small Mamm |     1 |     6 ||     7
    Use: Potion            |       |     4 ||     4
         Scroll            |       |     3 ||     3
 Armour: Robe              |     1 |     4 ||     5
  Dodge: Dodged            |     8 |    25 ||    33
